 Dungeon Crawl Stone Soup version 0.19-a0-1019-g9c6a58d (webtiles) character file.

645 kae the Insei (level 7, -2/56 HPs)
             Began as a Demonspawn Monk on July 25, 2016.
             Was a Believer of Okawaru.
             Killed from afar by Natasha (7 damage)
             ... with a magic dart
             ... on level 4 of the Dungeon.
             The game lasted 00:06:15 (4905 turns).

kae the Insei (Demonspawn Monk)                     Turns: 4905, Time: 00:06:16

Health: -2/56      AC:  2    Str: 12    XL:     7   Next: 27%
Magic:  18/18      EV: 24    Int: 11    God:    Okawaru [**....]
Gold:   124        SH:  0    Dex: 22    Spells: 0 memorised, 6 levels left

rFire  . . .     SeeInvis +       - Unarmed
rCold  + . .     Gourm    .     a - +0 robe
rNeg   . . .     Faith    +     (no shield)
rPois  .         Spirit   .     (no helmet)
rElec  .         Dismiss  .     (no cloak)
rCorr  .         Reflect  .     (no gloves)
SustAt .         Harm     .     (no boots)
MR     .....                    r - amulet of faith
Stlth  ++++++....               u - ring of see invisible
                                c - ring of magical power

@: agile, heroism, not resistant to hostile enchantments, very stealthy
A: claws 1, cold resistance 1, nightstalker 1
a: Heroism, Renounce Religion


You were on level 4 of the Dungeon.
You worshipped Okawaru.
Okawaru was pleased with you.
You were not hungry.

You visited 1 branch of the dungeon, and saw 4 of its levels.

You collected 124 gold pieces.

Inventory:

Armour
 a - a +0 robe (worn)
Jewellery
 c - a ring of magical power (left claw)
 g - an uncursed amulet of regeneration
 k - an uncursed ring of protection from fire
 q - an uncursed ring of magical power
 r - an amulet of faith (around neck)
 u - a ring of see invisible (right claw)
Scrolls
 e - 7 scrolls of identify
 h - 4 scrolls of remove curse
 m - a scroll of magic mapping
Potions
 i - a potion of flight
Comestibles
 b - 4 bread rations
 d - a slice of pizza
 o - a chunk of flesh
 p - 2 beef jerkies
 t - a royal jelly


   Skills:
 + Level 5.2(10.2) Fighting
 - Level 2.6(7.6) Dodging
 - Level 1.7(6.7) Stealth
 * Level 6.1(11.1) Unarmed Combat
 + Level 3.5 Invocations


You had 6 spell levels left.
You didn't know any spells.

Dungeon Overview and Level Annotations

Branches:
Dungeon (4/15)
 Temple: D:4-7

Altars:
Nemelex Xobeh
Okawaru
Uskayaw

Annotations:
D:4 Duvessa, Natasha


Innate Abilities, Weirdness & Mutations

You have sharp fingernails.
Your flesh is cold resistant. (rC+)
You are slightly more attuned to the shadows.


Message History

You feel much better. Duvessa closely misses you. The jackal bites you.
You feel agile all of a sudden.
Duvessa hits you with a short sword of electrocution!
The jackal completely misses you.
Duvessa hits you with a short sword of electrocution.
You scratch the jackal but do no damage.
The jackal misses you.
Duvessa hits you with a short sword of electrocution!
* * * LOW HITPOINT WARNING * * *
You closely miss the jackal. The jackal barely misses you.
Duvessa barely misses you.
Natasha, Servant of Life and Death comes into view.
Unknown command.
Natasha hisses angrily.
You scratch the jackal but do no damage.
You claw the jackal, but do no damage. The jackal completely misses you.
Duvessa completely misses you.
Natasha stares at you and mumbles some strange words.
The magic dart hits you!
You die...

,,,** *,,,,$..##....#### #.....
,,,* **,*,,...#........# ##.....
,,,****,,*...#..........###......
,,,,,,,,,,..............##.......
,,,,,,,,,,.................#.#...
,,,*,,,,,,........).....####.###.
,,,*,,,,........#..####** ##.#...
,,**,..,,........e.#### #..#...
,***,#.###h.....@#....## ##.##..#
.***,*..#>......h#..#..###..##..#
$.<*,*#.............##.....>.....
...,,*#.............###..#####.#.
....####.....(.................##
....†..<................#........
...#....)........................
.,,######........##....##..)....)
,,,* #..<.........#..##.......)


You could see Duvessa (berserk), Natasha and a jackal.

Vanquished Creatures
  A centaur (D:3)
  Dowan (D:4)
  2 orc priests (D:4)
  4 orc wizards
  A centaur skeleton (D:4)
  Natasha (twice) (D:4)
  A worker ant (D:2)
  10 adders
  2 oozes
  6 worms (D:2)
  2 dart slugs (D:2)
  2 giant geckos
  5 orcs
  8 bats
  2 giant cockroaches
  15 goblins
  7 hobgoblins
  4 jackals (D:4)
  A quokka (D:4)
  2 ball pythons (D:4)
  7 giant newts
  9 kobolds
  11 rats
  A plant (D:2)
106 creatures vanquished.

Vanquished Creatures (others)
  An orc priest (D:3)
1 creature vanquished.

Grand Total: 107 creatures vanquished

Notes
Turn   | Place    | Note
-------+----------+-------------------------------------------
     0 | D:1      | kae the Demonspawn Monk began the quest for the Orb.
     0 | D:1      | Reached XP level 1. HP: 18/18 MP: 1/1
   130 | D:1      | Reached skill level 3 in Unarmed Combat
   130 | D:1      | Gained mutation: You are slightly more attuned to the shadows. [demonic ancestry]
   130 | D:1      | Reached XP level 2. HP: 13/24 MP: 2/2
   306 | D:1      | Found an iron altar of Okawaru.
   401 | D:1      | Became a worshipper of Warmaster Okawaru
   401 | D:1      | Reached * piety under Okawaru
   401 | D:1      | Reached ** piety under Okawaru
   651 | D:1      | Gained mutation: You have sharp fingernails. [demonic ancestry]
   651 | D:1      | Reached XP level 3. HP: 21/29 MP: 3/3
  1795 | D:2      | Reached XP level 4. HP: 16/37 MP: 4/4
  2035 | D:2      | Reached skill level 4 in Unarmed Combat
  2593 | D:2      | Reached XP level 5. HP: 20/42 MP: 5/5
  3451 | D:2      | Found a hide-covered altar of Uskayaw.
  3913 | D:3      | Noticed a centaur
  4030 | D:3      | Killed a centaur
  4030 | D:3      | Reached skill level 5 in Unarmed Combat
  4030 | D:3      | Reached skill level 1 in Invocations
  4030 | D:3      | Gained mutation: Your flesh is cold resistant. (rC+) [demonic ancestry]
  4030 | D:3      | Reached XP level 6. HP: 41/49 MP: 5/7
  4204 | D:3      | Found a sparkling altar of Nemelex Xobeh.
  4711 | D:4      | Reached skill level 5 in Fighting
  4747 | D:4      | Noticed Natasha
  4759 | D:4      | Killed Natasha
  4759 | D:4      | Reached XP level 7. HP: 23/56 MP: 9/9
  4828 | D:4      | Noticed Natasha
  4842 | D:4      | Killed Natasha
  4853 | D:4      | Noticed Duvessa
  4883 | D:4      | Noticed Dowan
  4896 | D:4      | Killed Dowan
  4896 | D:4      | Reached skill level 6 in Unarmed Combat
  4905 | D:4      | Noticed Natasha
  4905 | D:4      | Killed from afar by Natasha

Vault maps used:
D:1:      minmay_arrival_shattered_statue, okawaru_ov_weapons_minmay
D:2:      marbit_many_paths, serial_bayou_lake_a
D:3:      nemelex_xobeh_ov_fountains_minmay
D:4:      first_bread, fedhas_altar_1, uniq_natasha, uniq_duvessa

Skill      XL: |  1  2  3  4  5  6  7 |
---------------+----------------------+-----
Unarmed Combat | 3 4 5 6 |  6.1
Fighting       | 4 5 |  5.2
Invocations    | 1 3 |  3.5
Dodging        | |  2.6
Stealth        | |  1.7

Action                   |  1- 3 |  4- 6 |  7- 9 || total
-------------------------+-------+-------+-------++-------
Melee: Unarmed           |   123 |   297 |    30 ||   450
       Punch             |     1 |     9 |     1 ||    11
Invok: Heroism           |       |     1 |     1 ||     2
  Use: Potion            |       |     5 |     2 ||     7
       Scroll            |       |       |     6 ||     6
 Stab: Sleeping          |     3 |     9 |       ||    12
       Invisible         |       |     3 |       ||     3
       Distracted        |       |     1 |       ||     1
  Eat: Chunk             |     2 |    11 |       ||    13
Armor: Robe              |    21 |    35 |     2 ||    58
Dodge: Dodged            |    66 |   215 |    23 ||   304
